 Dungeon Crawl Stone Soup version 0.31-a0-246-g8cbcc1cb85 (webtiles) character file.

Game seed: 727557712170717707

366 qw the Trooper (level 6, -4/40 HPs)
             Began as a Gargoyle Hexslinger on July 12, 2023.
             Slain by Terence
             ... wielding a +2 mace of holy wrath
              (10 damage)
             ... on level 3 of the Dungeon.
             The game lasted 00:01:08 (2891 turns).

qw the Trooper (Gargoyle Hexslinger)                Turns: 2891, Time: 00:01:09

Health: -4/40      AC:  9    Str: 11    XL:     6   Next: 68%
Magic:  7/7        EV: 15    Int: 14    God:
Gold:   117        SH:  0    Dex: 14    Spells: 6/7 levels left

rFire   . . .        Y - +1 sling
rCold   . . .        (no shield)
rNeg    + . .        h - +0 ring mail
rPois   inf          (no helmet)
rElec   +            (no cloak)
rCorr   .            (no gloves)
SInv    +            (no boots)
Will    .....        (no amulet)
Stlth   +            f - ring of see invisible
HPRegen 0.26/turn    k - +5 ring of evasion
MPRegen 0.10/turn

%: no passive effects
@: no status effects
A: sickness immunity, AC +4, negative energy resistance 1, electricity
resistance, torment resistance 1, petrification resistance
a: no special abilities


You were on level 3 of the Dungeon.
You visited 1 branch of the dungeon, and saw 3 of its levels.

You collected 117 gold pieces.


Innate Abilities, Weirdness & Mutations

You are immune to sickness and miasma.
Your stone body is resilient. (AC +4)
You are immune to poison.
You resist negative energy. (rN+)
You are resistant to electric shocks. (rElec)
You are resistant to unholy torment.
You are immune to petrification.


   Skills:
 - Level 5.2 Fighting
 + Level 4.7 Ranged Weapons
 - Level 1.1 Armour
 - Level 1.5 Dodging
 - Level 1.0 Spellcasting
 - Level 2.6 Hexes


You had 6 spell levels left.
You knew the following spells:

 Your Spells              Type           Power      Damage    Failure   Level
a - Slow                  Hex            32%        N/A       21%         1

Your spell library contained the following spells:

 Spells                   Type           Power      Damage    Failure   Level
 Inner Flame              Hex/Fire       4%         N/A       71%         3
 Portal Projectile        Hex/Tloc       8%         N/A       71%         3
 Cause Fear               Hex            4%         N/A       90%         4

Inventory:

Hand Weapons
 Y - a +1 sling (weapon)
Armour
 h - a +0 ring mail (worn)
Jewellery
 d - a ring of ice
 e - a ring of fire
 f - a ring of see invisible (left hand)
 k - a +5 ring of evasion (right hand)
Scrolls
 a - a scroll of identify
Potions
 b - a potion of curing
 l - a potion of enlightenment
 m - a potion of mutation
 n - a potion of ambrosia {unknown}

Dungeon Overview and Level Annotations

Branches:
Dungeon (3/15)

Altars:
Cheibriados
Fedhas
Makhleb

Annotations:
D:3 Ijyb, Terence


Message History

The endoplasm closely misses you.
You shoot a sling bullet. The sling bullet barely misses Ijyb.
Ijyb zaps a wand.
The puff of flame hits you. The endoplasm freezes you.
You are frozen.
You shoot a sling bullet.
The sling bullet hits Ijyb but does no damage.
Ijyb is severely wounded.
Ijyb completely misses you. The endoplasm closely misses you.
You shoot a sling bullet. The sling bullet closely misses Ijyb.
Your surroundings suddenly seem different.
Terence the Incautious comes into view.
He is wielding a +2 mace of holy wrath.
Terence shouts!
A bat comes into view.
Terence completely misses you.
Enter note:
Enter note:
Enter note:
Enter note: You shoot a sling bullet.
The sling bullet barely misses Terence.
Terence completely misses you.
You shoot a sling bullet. The sling bullet barely misses Terence.
The bat barely misses you. Terence completely misses you.
You shoot a sling bullet. The sling bullet hits Terence.
Terence is lightly wounded.
The bat hits you but does no damage. Terence barely misses you. x2
You shoot a sling bullet. The sling bullet barely misses Terence.
The bat barely misses you. Terence hits you but does no damage.
You shoot a sling bullet.
The sling bullet hits Terence but does no damage.
Terence is lightly wounded.
The bat barely misses you. The bat misses you. Terence closely misses you.
You shoot a sling bullet. The sling bullet hits Terence.
Terence is lightly wounded.
The bat completely misses you. Terence closely misses you.
You shoot a sling bullet. The sling bullet hits Terence.
Terence is moderately wounded.
The bat closely misses you. The bat misses you.
Terence hits you with a +2 mace of holy wrath!
You die...

##...........## .....
............... .....
#....)......... .....##
##...........## .......
#.........))). .......
#........?.%.. .......
...)..........
.......###.......####...
.......@@........ .....
........b........ ......
............... .......
######....##'## .......
#....# # #....# #.....
#....##


You could see Terence and a bat.

Vanquished Creatures
  Sigmund (D:2)
  Natasha (thrice) (D:2)
  3 gnolls (D:3)
  3 adders
  4 worms (D:2)
  2 dart slugs (D:3)
  2 orcs (D:3)
  10 endoplasms
  3 giant cockroaches
  2 goblins (D:1)
  5 hobgoblins
  2 jackals (D:1)
  A quokka (D:2)
  5 ball pythons
  4 bats
  4 frilled lizards
  3 kobolds (D:1)
  5 rats
62 creatures vanquished.

Notes
Turn   | Place    | Note
-------+----------+-------------------------------------------
     0 | D:1      | qw the Gargoyle Hexslinger began the quest for the Orb.
     0 | D:1      | Reached XP level 1. HP: 12/12 MP: 2/2
     0 | D:1      | 0 ||| qw: Version: 0.3-a-52-g30416fa
     0 | D:1      | 0 ||| qw: Game counter: 6290
     0 | D:1      | 0 ||| qw: Melee chars always use a shield: true
     0 | D:1      | 0 ||| qw: God list: Okawaru
     0 | D:1      | 0 ||| qw: Allow faded altars: false
     0 | D:1      | 0 ||| qw: Do Orc after clearing Dungeon:15 true
     0 | D:1      | 0 ||| qw: Do second Lair branch before Depths: true
     0 | D:1      | 0 ||| qw: Lair rune preference: random
     0 | D:1      | 0 ||| qw: Goals: Normal
     0 | D:1      | 0 ||| PLANNING D:1-11
   269 | D:1      | Reached XP level 2. HP: 16/16 MP: 3/3
   505 | D:1      | Reached skill level 3 in Ranged Weapons
  1099 | D:1      | 1099 ||| UPGRADING to +0 leather armour.
  1109 | D:1      | 1109 ||| DROPPING +0 robe.
  1110 | D:1      | 1110 ||| UPGRADING to +0 ring mail.
  1120 | D:1      | 1120 ||| DROPPING +0 leather armour.
  1121 | D:1      | 1121 ||| UPGRADING to ring of see invisible.
  1122 | D:1      | 1122 ||| UPGRADING to +5 ring of evasion.
  1123 | D:1      | 1123 ||| READING 3 scrolls labelled DODEKKUZXIC.
  1124 | D:1      | 1124 ||| READING scroll labelled MAISYE MOIKOA.
  1129 | D:1      | 1129 ||| READING scroll labelled YQEBLI FUSA.
  1130 | D:1      | 1130 ||| DROPPING scroll of poison.
  1211 | D:2      | Noticed Sigmund
  1220 | D:2      | 1220 ||| FLEEEEING.
  1221 | D:2      | 1221 ||| FLEEEEING.
  1221 | D:2      | HP: 1/16 [Sigmund/magic dart (8)]
  1222 | D:2      | 1222 ||| FLEEEEING.
  1225 | D:2      | 1225 ||| STAIRDANCE
  1297 | D:2      | Killed Sigmund
  1298 | D:2      | Reached skill level 5 in Fighting
  1298 | D:2      | Reached XP level 3. HP: 21/26 MP: 4/4
  1298 | D:2      | Reached XP level 4. HP: 25/31 MP: 5/5
  1298 | D:2      | Reached XP level 5. HP: 28/35 MP: 6/6
  1643 | D:2      | Reached XP level 6. HP: 27/40 MP: 7/7
  1722 | D:2      | Noticed Natasha
  1734 | D:2      | Killed Natasha
  2010 | D:2      | Identified the staff of Burning Gallantry {rF+ rC- rN+
                  | Dex+2 Fire}
  2013 | D:2      | Found a blossoming altar of Fedhas.
  2077 | D:2      | Noticed Natasha
  2086 | D:2      | Killed Natasha
  2087 | D:2      | Reached skill level 1 in Armour
  2161 | D:2      | Noticed Natasha
  2171 | D:2      | Killed Natasha
  2307 | D:2      | 2307 ||| DROPPING ring of magical power.
  2308 | D:2      | 2308 ||| READING 2 scrolls labelled XEACUW WENA.
  2309 | D:2      | 2309 ||| READING scroll labelled HIUMUK IFUUTZOELE.
  2310 | D:2      | 2310 ||| READING scroll labelled INTYES VERPH.
  2311 | D:2      | 2311 ||| READING 2 scrolls of identify.
  2311 | D:2      | 2311 ||| IDENTIFYING viscous emerald potion
  2312 | D:2      | 2312 ||| DROPPING scroll of fear.
  2452 | D:3      | 2452 ||| FLEEEEING.
  2453 | D:3      | 2453 ||| FLEEEEING.
  2454 | D:3      | 2454 ||| FLEEEEING.
  2457 | D:3      | 2457 ||| STAIRDANCE
  2524 | D:2      | 2524 ||| READING 4 scrolls of identify.
  2524 | D:2      | 2524 ||| IDENTIFYING clear potion
  2525 | D:2      | 2525 ||| READING 3 scrolls of identify.
  2525 | D:2      | 2525 ||| IDENTIFYING bubbling amethyst potion
  2526 | D:2      | 2526 ||| READING 2 scrolls of identify.
  2526 | D:2      | 2526 ||| IDENTIFYING brown potion
  2527 | D:2      | 2527 ||| DROPPING potion of lignification.
  2793 | D:3      | Found a snail-covered altar of Cheibriados.
  2815 | D:3      | Found a burning altar of Makhleb.
  2863 | D:3      | Noticed Ijyb
  2879 | D:3      | HP: 10/40 [frozen (2)]
  2880 | D:3      | 2880 ||| READING scroll of teleportation.
  2882 | D:3      | HP: 4/40 [Ijyb/puff of flame (6)]
  2884 | D:3      | Noticed Terence
  2891 | D:3      | Slain by Terence

Levels and vault maps discovered:
D:1:      ncdulo_wetmaze, layout_loops_corners, serial_forest,
          infiniplex_forest_end_2, infiniplex_forest_lined_3_way,
          infiniplex_forest_lined_1, infiniplex_forest_end_2,
          infiniplex_forest_corner_1, infiniplex_forest_end_1,
          infiniplex_forest_straight_4, infiniplex_forest_clump_large
D:2:      layout_basic, basic_altar, minmay_joined_circles, uniq_sigmund,
          uniq_natasha
D:3:      layout_basic, kennysheep_slug_shrine,
          mainiacjoe_overflow_small_starburst, basic_ecumenical_altar,
          uniq_grinder, uniq_terence, uniq_ijyb

Skill      XL: |  1  2  3  4  5  6 |
---------------+-------------------+-----
Ranged Weapons | 3 4 |  4.7
Fighting       | 5 |  5.2
Armour         | 1 |  1.1
Dodging        | |  1.5
Spellcasting   | |  1.0
Hexes          | |  2.6

Action                     |  1- 3 |  4- 6 || total
---------------------------+-------+-------++-------
   Fire: Sling             |    66 |   210 ||   276
    Use: Scroll            |     3 |     8 ||    11
 Armour: Robe              |     7 |       ||     7
         Ring mail         |       |    55 ||    55
  Dodge: Dodged            |    17 |   140 ||   157

Table legend:
 A = Non-vault XP
 B = Vault XP
 C = Vault XP percentage of total XP
 D = Non-vault monster count
 E = Vault monster count
 F = Vault count percentage of total count
                 A         B        C        D         E       F
            +---------+---------+-------+---------+---------+-------
      Total |     236 |     287 |  54.9 |      52 |      10 |  16.1
            +---------+---------+-------+---------+---------+-------
        D:1 |      26 |       0 |   0.0 |      17 |       0 |   0.0
        D:2 |     123 |     283 |  69.7 |      14 |       9 |  39.1
        D:3 |      87 |       4 |   4.4 |      21 |       1 |   4.5
            +---------+---------+-------+---------+---------+-------
